 Dungeon Crawl Stone Soup version 0.21.1-1-g345015f (webtiles) character file.

137 shakethe the Chopper (level 5, -2/61 HPs)
             Began as a Human Berserker on Feb 5, 2018.
             Was a Believer of Trog.
             Slain by PheasantPlucker's ghost (13 damage)
             ... on level 3 of the Dungeon.
             The game lasted 00:09:49 (2600 turns).

shakethe the Chopper (Human Berserker)              Turns: 2600, Time: 00:09:49

Health: -2/61      AC:  6    Str: 22    XL:     5   Next: 44%
Magic:  5/5        EV: 11    Int:  8    God:    Trog [**....]
Gold:   131        SH:  0    Dex: 13    Spells: 4/4 levels left

rFire    . . .     SeeInvis .   a - +0 hand axe
rCold    . . .     Gourm    .   (no shield)
rNeg     . . .     Faith    .   j - +0 ring mail
rPois    .         Spirit   .   (no helmet)
rElec    .         Reflect  .   (no cloak)
rCorr    .         Harm     .   f - +0 pair of gloves
MR       .....                  (no boots)
Stlth    ..........             i - amulet of regeneration (curse)
HPRegen  0.60/turn              l - ring of wizardry
MPRegen  0.09/turn              (no ring)

@: berserking (expiring), very quick
A: no striking features
a: Berserk, Trog's Hand, Burn Spellbooks, Renounce Religion


You were on level 3 of the Dungeon.
You worshipped Trog.
Trog was pleased with you.
You were very hungry.

You visited 1 branch of the dungeon, and saw 3 of its levels.

You collected 131 gold pieces.

Inventory:

Hand Weapons
 a - a +0 hand axe (weapon)
Armour
 b - a +0 animal skin
 f - a +0 pair of gloves (worn)
 j - a +0 ring mail (worn)
Jewellery
 i - a cursed amulet of regeneration (around neck)
 l - a ring of wizardry (left hand)
Scrolls
 d - 2 scrolls of immolation {unknown}
 g - 6 scrolls of identify {unknown}
 k - a scroll of remove curse {unknown}
 n - a scroll of magic mapping {unknown}
Potions
 e - a potion of mutation {unknown}
 h - a potion of lignification {unknown}
 m - a potion of berserk rage {unknown}
Comestibles
 c - 8 rations
 o - a chunk of flesh


   Skills:
 - Level 3.0 Fighting
 + Level 4.5 Axes
 + Level 3.2 Throwing
 - Level 2.0 Armour
 - Level 2.0 Dodging


You had 4 spell levels left.
You didn't know any spells.

Dungeon Overview and Level Annotations

Branches:
Dungeon (3/15)

Altars:

Annotations:
D:3 PheasantPlucker's ghost, amateur OgHu


Message History

Trog accepts your kill.
You hit the ball python. PheasantPlucker's ghost hits you.
The ball python bites you but does no damage.
The ball python grabs you. The ball python constricts you.
You slash PheasantPlucker's ghost!
PheasantPlucker's ghost is heavily damaged.
You slash the ball python!
You kill the ball python!
Trog accepts your kill. PheasantPlucker's ghost hits you!!
* * * LOW HITPOINT WARNING * * *
You closely miss PheasantPlucker's ghost.
PheasantPlucker's ghost is heavily damaged.
You closely miss PheasantPlucker's ghost.
PheasantPlucker's ghost is heavily damaged.
PheasantPlucker's ghost barely misses you.
You slice PheasantPlucker's ghost!!
PheasantPlucker's ghost is severely damaged.
PheasantPlucker's ghost hits you!
You die...

#####. #.##.# ###.....
#.##.##.# #.......
#.##.##.# #.#.....
#.......# #.....
#.......# #.....
#..#.#..# # #.>...
#..#.#..##.##.# #.....
#..#....@W....# #.......
######.......††.!...#
###.....
..#........#.#......
##.###
#.#.####...........# #.
##
#####.#.##.#.....####...
.. #. ............#>####
## # #. #####.#.......#
#. ...#.).....# #.
#####.......# ###.


You could see PheasantPlucker's ghost.

Vanquished Creatures
  A scorpion (D:3)
  4 adders
  An ooze (D:1)
  2 worms
  A leopard gecko (D:3)
  A giant cockroach (D:1)
  3 goblins
  9 hobgoblins
  4 jackals (D:1)
  2 kobolds (D:1)
  A quokka (D:3)
  2 ball pythons (D:3)
  4 bats
  A frilled lizard (D:1)
  5 rats
41 creatures vanquished.

Notes
Turn   | Place    | Note
-------+----------+-------------------------------------------
     0 | D:1      | shakethe the Human Berserker began the quest for the Orb.
     0 | D:1      | Reached XP level 1. HP: 18/18 MP: 1/1
   135 | D:1      | Reached skill level 1 in Throwing
   135 | D:1      | Reached XP level 2. HP: 9/24 MP: 2/2
   483 | D:1      | Reached XP level 3. HP: 25/29 MP: 3/3
  1197 | D:2      | Reached XP level 4. HP: 22/35 MP: 4/4
  1547 | D:2      | Reached ** piety under Trog
  1600 | D:2      | Found a faded altar of an unknown god.
  1759 | D:3      | Reached skill level 4 in Axes
  1831 | D:3      | Reached XP level 5. HP: 7/41 MP: 5/5
  2588 | D:3      | Noticed PheasantPlucker's ghost (amateur OgHu)
  2600 | D:3      | Slain by PheasantPlucker's ghost

Skill      XL: |  1  2  3  4  5 |
---------------+----------------+-----
Throwing       | 1 2 3 |  3.2
Axes           | 4 |  4.5
Fighting       | |  3.0
Armour         | |  2.0
Dodging        | |  2.0

Action                   |  1- 3 |  4- 6 || total
-------------------------+-------+-------++-------
Melee: Hand axe          |    87 |    58 ||   145
Invok: Berserk           |     2 |     2 ||     4
       Trog's Hand       |       |     1 ||     1
  Eat: Chunk             |     1 |     4 ||     5
       Ration            |       |     1 ||     1
Armor: Animal skin       |    12 |     9 ||    21
       Ring mail         |       |     7 ||     7
Dodge: Dodged            |    66 |    42 ||   108
